 Dungeon Crawl Stone Soup version 0.30-a0-234-g97d66968fd (webtiles) character file.

Game seed: 4621404392125878328

173 qw the Chopper (level 5, -5/32 HPs)
             Began as a Gargoyle Fighter on Oct 9, 2022.
             Killed by divine providence
             ... invoked by an orc priest
              (15 damage)
             ... on level 3 of the Dungeon.
             The game lasted 00:00:57 (1722 turns).

qw the Chopper (Gargoyle Fighter)                   Turns: 1722, Time: 00:00:58

Health: -5/32      AC: 10    Str: 21    XL:     5   Next: 53%
Magic:  5/5        EV:  9    Int:  9    God:
Gold:   150        SH:  4    Dex:  9    Spells: 4/4 levels left

rFire   . . .      SeeInvis .    Y - +0 war axe
rCold   . . .      Faith    .    c - +0 buckler
rNeg    + . .      Spirit   .    b - +0 scale mail
rPois   inf        Reflect  .    (no helmet)
rElec   +          Harm     .    h - scarf {repulsion}
rCorr   .          Rampage  .    (no gloves)
Will    .....                    (no boots)
Stlth   ..........               (no amulet)
HPRegen 0.25/turn                (no ring)
MPRegen 0.09/turn                (no ring)

@: repel missiles
A: sickness immunity, AC +4, negative energy resistance 1, electricity
resistance, torment resistance 1, petrification resistance
a: no special abilities


You were on level 3 of the Dungeon.
You visited 1 branch of the dungeon, and saw 3 of its levels.
You visited the Abyss 1 time.

You collected 150 gold pieces.


Innate Abilities, Weirdness & Mutations

You are immune to sickness and miasma.
Your stone body is resilient. (AC +4)
You are immune to poison.
You resist negative energy. (rN+)
You are resistant to electric shocks. (rElec)
You are resistant to unholy torment.
You are immune to petrification.


   Skills:
 + Level 3.2 Fighting
 - Level 5.1 Axes
 - Level 3.2 Armour
 - Level 3.2 Shields


You had 4 spell levels left.
You didn't know any spells.
Your spell library was empty.

Inventory:

Hand Weapons
 k - a +0 whip
 Y - a +0 war axe (weapon)
Armour
 b - a +0 scale mail (worn)
 c - a +0 buckler (worn)
 h - a scarf of repulsion (worn)
Potions
 d - a potion of might
 e - a potion of haste {unknown}
 g - a potion of brilliance {unknown}
 j - 2 potions of curing

Dungeon Overview and Level Annotations

Branches:
Dungeon (3/15)

Altars:


Message History

Enter note: A kobold comes into view.
It is wielding a +2 dagger of distortion.
The kobold shouts!
The kobold throws a stone.
The stone closely misses you.
An orc priest comes into view. It is wielding a +0 dagger.
Found a scroll labelled DENEGI QAUDWO.
The orc priest shouts!
You hear a shout!
The orc priest calls down the wrath of Beogh upon you.
Beogh smites you!
You hear a shout!
1694 ||| FLEEEEING.
1695 ||| FLEEEEING.
A goblin comes into view. It is wielding a +0 club.
An orc comes into view. It is wielding a +0 whip.
The orc shouts!
The orc priest looks braver for a moment.
The kobold hits you but does no damage.
You are cast into the Abyss!
This branch contains the abyssal rune of Zot.
A small abomination comes into view.
1711 ||| Stepping ~*~*~tactically~*~*~ (stealth).
You slash the small abomination!
The small abomination is heavily damaged.
The small abomination hits you!
Ouch! That really hurt!
You slash the small abomination!
The small abomination is severely damaged.
The small abomination hits you but does no damage.
The small abomination barely misses you.
You slash the small abomination!
You destroy the small abomination!
Your Axes skill increases to level 5!
You have reached level 5!
The substance of the Abyss twists violently, and a gateway leading out appears!
You pass through the gate.
Welcome back to the Dungeon!
The orc barely misses you.
You barely miss the orc. You closely miss the kobold.
The orc hits you but does no damage.
The orc priest mumbles some strange prayers to Beogh against you.
Beogh smites you!
You die...

# ####..##########
#.#####........#.....##
......................##
........>..............#
#........[.............#.
#)...%<...............o..
#......%................#
#..............o........#
#...............@........
#..............#K.....?##
...#######.....###...$...
.[< ........ ....##. .#
......g ....# .......
>....? ....... ..##...
....... .## .#.


You could see an orc priest, an orc and a kobold.

Vanquished Creatures
  A small abomination (Abyss:1)
  3 adders (D:2)
  A worm (D:2)
  4 ball pythons
  9 bats
  2 endoplasms
  A giant cockroach (D:1)
  4 goblins
  7 hobgoblins
  4 jackals (D:1)
  4 kobolds
  4 frilled lizards
  13 rats
57 creatures vanquished.

Vanquished Creatures (others)
  9 plants (D:2)
9 creatures vanquished.

Grand Total: 66 creatures vanquished

Notes
Turn   | Place    | Note
-------+----------+-------------------------------------------
     0 | D:1      | qw the Gargoyle Fighter began the quest for the Orb.
     0 | D:1      | Reached XP level 1. HP: 14/14 MP: 1/1
     0 | D:1      | 0 ||| qw: Version: 0.2-a-17-g06abaee
     0 | D:1      | 0 ||| qw: Game counter: 2345
     0 | D:1      | 0 ||| qw: Always use a shield: true
     0 | D:1      | 0 ||| qw: God list: Okawaru
     0 | D:1      | 0 ||| qw: Allow faded altars: false
     0 | D:1      | 0 ||| qw: Do Orc after D:15 true
     0 | D:1      | 0 ||| qw: Do second Lair branch before Depths: true
     0 | D:1      | 0 ||| qw: Lair rune preference: random
     0 | D:1      | 0 ||| qw: Plans: Normal, Zot:1-4, God:TSO, Crypt, Tomb,
                  | Pan, Slime:5, Hells, Abyss, Orb
     0 | D:1      | 0 ||| PLANNING D:1-11
    77 | D:1      | Reached skill level 2 in Axes
   165 | D:1      | Reached XP level 2. HP: 16/19 MP: 2/2
   185 | D:1      | 185 ||| Stepping ~*~*~tactically~*~*~ (stealth).
   186 | D:1      | 186 ||| Stepping ~*~*~tactically~*~*~ (stealth).
   196 | D:1      | 196 ||| Stepping ~*~*~tactically~*~*~ (stealth).
   289 | D:1      | 289 ||| Stepping ~*~*~tactically~*~*~ (stealth).
   300 | D:1      | Reached skill level 3 in Axes
   417 | D:1      | Reached XP level 3. HP: 20/23 MP: 3/3
   507 | D:1      | 507 ||| DROPPING +0 club.
   758 | D:1      | 758 ||| READING scroll labelled JAPADO IVVORE.
   759 | D:1      | 759 ||| READING scroll labelled LILAAF QAIDUPH.
   762 | D:1      | 762 ||| READING scroll labelled XENWIAM SOUQE.
   763 | D:1      | 763 ||| DRINKING 3 fizzy clear potions.
   788 | D:2      | 788 ||| STAIRDANCE
   819 | D:2      | 819 ||| STAIRDANCE
   947 | D:2      | Found a faded altar of an unknown god.
  1168 | D:2      | Reached XP level 4. HP: 28/28 MP: 4/4
  1224 | D:2      | 1224 ||| Stepping ~*~*~tactically~*~*~ (stealth).
  1255 | D:2      | Reached skill level 4 in Axes
  1591 | D:2      | 1591 ||| UPGRADING to scarf of repulsion.
  1596 | D:2      | 1596 ||| READING scroll labelled VOLIBBAODGH.
  1614 | D:2      | 1614 ||| READING scroll labelled VUKORI URIUDU.
  1669 | D:3      | 1669 ||| STAIRDANCE
  1694 | D:3      | 1694 ||| FLEEEEING.
  1695 | D:3      | 1695 ||| FLEEEEING.
  1696 | Abyss:1  | Cast into level 1 of the Abyss (kobold)
  1710 | Abyss:1  | Noticed a small abomination
  1711 | Abyss:1  | 1711 ||| Stepping ~*~*~tactically~*~*~ (stealth).
  1716 | Abyss:1  | HP: 7/28 [small abomination (15)]
  1718 | Abyss:1  | Killed a small abomination
  1719 | Abyss:1  | Reached skill level 5 in Axes
  1719 | Abyss:1  | Reached XP level 5. HP: 9/32 MP: 5/5
  1721 | D:3      | Escaped the Abyss
  1722 | D:3      | Killed from afar by an orc priest

Levels and vault maps discovered:
D:1:      psy_arrival_statuary, layout_loops_cross, minmay_misc_feat_roman
D:2:      layout_rooms, serial_forest, infiniplex_forest_end_1,
          infiniplex_forest_zigzag_1, infiniplex_forest_clump_C,
          infiniplex_forest_clump_small, infiniplex_forest_clump_diagonal,
          infiniplex_forest_clump_medium, infiniplex_forest_clump_C,
          infiniplex_forest_end_3, hellmonk_ecumenical_altar_zigzags
D:3:      layout_rooms

Skill      XL: |  1  2  3  4 |
---------------+-------------+-----
Axes           | 2 3 5 |  5.1
Fighting       | |  3.2
Armour         | |  3.2
Shields        | |  3.2

Action                   |  1- 3 |  4- 6 || total
-------------------------+-------+-------++-------
Melee: War axe           |   157 |    33 ||   190
  Use: Scroll            |     3 |     2 ||     5
       Potion            |     1 |       ||     1
Armor: Scale mail        |    93 |    21 ||   114
Dodge: Dodged            |    76 |    16 ||    92
Block: Buckler           |    30 |     5 ||    35

Table legend:
 A = Non-vault XP
 B = Vault XP
 C = Vault XP percentage of total XP
 D = Non-vault monster count
 E = Vault monster count
 F = Vault count percentage of total count
                 A         B        C        D         E       F
            +---------+---------+-------+---------+---------+-------
      Total |     248 |       0 |   0.0 |      57 |       0 |   0.0
            +---------+---------+-------+---------+---------+-------
        D:1 |      44 |       0 |   0.0 |      29 |       0 |   0.0
        D:2 |      77 |       0 |   0.0 |      25 |       0 |   0.0
        D:3 |       3 |       0 |   0.0 |       2 |       0 |   0.0
    Abyss:1 |     124 |       0 |   0.0 |       1 |       0 |   0.0
            +---------+---------+-------+---------+---------+-------
